 Dungeon Sprint DCSS version 0.17-a0-777-g32247ce (webtiles) character file.

68 lorenzova the Poker (level 4, -6/39 HPs)
             Began as a Merfolk Gladiator on Apr 25, 2015.
             Mangled by a water elemental (15 damage)
             ... in the Dungeon (Sprint III: "The Ten Rune Challenge").
             The game lasted 00:01:16 (294 turns).

lorenzova the Poker (Merfolk Gladiator)              Turns: 294, Time: 00:01:16

Health: -6/39      AC:  4    Str: 16    XL:     4   Next: 19%
Magic:  4/4        EV: 15    Int:  7    God:
Gold:   16         SH:  0    Dex: 14    Spells: 0 memorised, 3 levels left

rFire  . . .     SeeInvis .     a - +0 trident
rCold  . . .     Clarity  .     b - +0 leather armour
rNeg   . . .     SustAb   .     (no shield)
rPois  .         Gourm    .     c - +0 helmet
rElec  .         Spirit   .     (no cloak)
rCorr  .         Warding  .     (no gloves)
rMut   .         NoTele   +     (no boots)
MR     .....                    (no amulet)
Stlth  +.........               (no ring)
                                (no ring)

@: engulfed, not resistant to hostile enchantments, very unstealthy
A: change form in water, swift swim
a: no special abilities


You were in the Dungeon.
You were not hungry.

You visited 1 branch You collected 16 gold pieces.

Inventory:

Hand weapons
 a - a +0 trident (weapon)
Armour
 b - a +0 leather armour (worn)
 c - a +0 helmet (worn)
Scrolls
 d - a scroll of torment {unknown}
 k - 2 scrolls of blinking
 l - a scroll of identify {unknown}
 m - 3 scrolls of remove curse
 r - a scroll of immolation {unknown}
Potions
 f - a potion of curing
 g - a potion of heal wounds
 h - a potion of haste
 i - 2 potions of magic
 j - a potion of berserk rage
 o - 2 potions of cure mutation {unknown}
 p - 2 potions of flight {unknown}
 q - a potion of mutation {unknown}
Comestibles
 e - 2 bread rations
 n - a meat ration


   Skills:
 + Level 5.1 Fighting
 + Level 7.9 Polearms
 - Level 2.0 Throwing
 + Level 7.2 Dodging


You had 3 spell levels left.
You didn't know any spells.

Dungeon Overview and Level Annotations

Branches:
Dungeon (1/1)

Altars:


Message History

You hit the water elemental.
The water elemental is lightly damaged.
The water elemental hits you!
The water elemental engulfs you in water!
Firing (i - inventory): No suitable missiles.
Press: ? - help, Shift-Dir - straight line, f - water elemental
Aim: a water elemental (lightly damaged)
Okay, then.
Unknown command.
You hit the water elemental but do no damage.
The water elemental is lightly damaged.
The water elemental hits you!
* * * LOW HITPOINT WARNING * * *
You hit the water elemental.
The water elemental is moderately damaged.
The water elemental barely misses you.
You puncture the water elemental!
The water elemental is severely damaged.
The water elemental hits you!
You die...

▓▓▓▓▓▓▓ ▓▓▓ ..#(..####
##.# ..#......#####..#
.##.......#!.#..#
#.##.##...#..#..###+#+##
#.##.###..##'#..#E.......
.####.##..###...@.⌠......
###..##..####...#...#####
..†..##[.###....#.⌠.#
##..##...##.....#...#
#..##....#......#+###
..###..##.#.....# ).#
#..#####....# ▓▓▓ ▓▓▓▓
▓▓▓▓▓▓


You could see a water elemental.

Vanquished Creatures
  Jessica (D)
  A wolf (D)
  A human (D)
  3 rats (D)
6 creatures vanquished.

Vanquished Creatures (others)
  2 draconian scorchers (D)
2 creatures vanquished.

Grand Total: 8 creatures vanquished

Notes
Turn   | Place    | Note
--------------------------------------------------------------
     0 | D        | lorenzova, the Merfolk Gladiator, began the quest for the Orb.
     0 | D        | Reached XP level 1. HP: 16/16 MP: 1/1
    27 | D        | Reached skill level 5 in Polearms
    29 | D        | Noticed Jessica
    35 | D        | Killed Jessica
    35 | D        | Reached skill level 6 in Polearms
    35 | D        | Reached XP level 2. HP: 21/25 MP: 2/2
    35 | D        | Reached XP level 3. HP: 25/30 MP: 3/3
    84 | D        | Noticed a wolf
    90 | D        | Killed a wolf
    90 | D        | Reached skill level 7 in Polearms
   107 | D        | Reached skill level 5 in Fighting
   107 | D        | Reached XP level 4. HP: 21/39 MP: 4/4
   188 | D        | Killed a white draconian scorcher
   265 | D        | Killed a white draconian scorcher
   288 | D        | Noticed a water elemental
   294 | D        | Mangled by a water elemental

Action                   |  1- 3 |  4- 6 || total
-------------------------+-------+-------++-------
Melee: Trident           |    28 |     5 ||    33
Throw: Throwing net      |     3 |       ||     3
 Stab: Held in net/web   |     4 |       ||     4
